 Dungeon Crawl Stone Soup version 0.19-a0-75-g99403da (webtiles) character file.

80941 Duffy the Severer (level 15, 135/135 HPs)
             Began as a Minotaur Fighter on May 10, 2016.
             Was the Champion of Cheibriados.
             Quit the game on level 2 of the Orcish Mines.
             The game lasted 00:38:26 (25580 turns).

Duffy the Severer (Minotaur Fighter)               Turns: 25580, Time: 00:38:27

Health: 135/135    AC: 39    Str: 41    XL:     15   Next: 25%
Magic:  28/28      EV: 17    Int: 27    God:    Cheibriados [******]
Gold:   3104       SH:  3    Dex: 27    Spells: 2 memorised, 8 levels left

rFire  . . .     SeeInvis +     q - +1 executioner's axe of the Messenger {chop, rN+ MR+ Int+2 Dex-2}
rCold  . . .     Gourm    .     b - +4 crystal plate armour
rNeg   + . .     Faith    .     (shield currently unavailable)
rPois  .         Spirit   .     T - +3 hat of Pondering {ponderous, MR+ MP+10 Int+5}
rElec  .         Dismiss  .     w - +2 cloak {MR+}
rCorr  .         Reflect  +     W - +2 pair of gloves {Dex+3}
SustAt .         Harm     .     (no boots)
MR     ++++.                    N - +3 amulet of reflection
Stlth  ..........               V - ring of see invisible
                                y - +3 ring of protection

@: drained, very slow, incredibly resistant to hostile enchantments, extremely
unstealthy
A: retaliatory headbutt, horns 2, low mp 1
a: Bend Time, Temporal Distortion, Slouch, Step From Time, Renounce Religion


You were on level 2 of the Orcish Mines.
You worshipped Cheibriados.
Cheibriados was exalted by your worship.
You were not hungry.

You visited 4 branches of the dungeon, and saw 22 of its levels.
You also visited: Bailey and Volcano.

You collected 3104 gold pieces.


Innate Abilities, Weirdness & Mutations

You reflexively headbutt those who attack you in melee.
You have a pair of horns on your head.
Your magical capacity is low (-10% MP).


   Skills:
 + Level 13.1(11.7) Fighting
 + Level 19.9(18.3) Axes
 + Level 14.1(12.7) Armour
 + Level 10.8(9.5) Dodging
   Level 3.6(2.5) Shields
 - Level 9.0(7.7) Invocations


You had 8 spell levels left.
You knew the following spells:

 Your Spells              Type           Power        Failure   Level  Hunger
a - Regeneration          Chrm/Necr      #.........   100%        3    ####...
b - Spectral Weapon       Hex/Chrm       #.......     100%        3    ####...

Inventory:

Hand Weapons
 k - a +0 battleaxe of flaming
 o - a +0 blowgun
 q - the +1 executioner's axe of the Messenger (weapon) {chop, rN+ MR+ Int+2 Dex-2}

   It inflicts extra damage upon your enemies.
   It affects your intelligence (+2).
   It affects your dexterity (-2).
   It protects you from negative energy.
   It affects your resistance to hostile enchantments.
Missiles
 z - 46 poisoned needles
 K - 4 throwing nets (quivered)
Armour
 b - a +4 crystal plate armour (worn)
 w - a +2 cloak of magic resistance (worn)
 T - the +3 hat of Pondering (worn) {ponderous, MR+ MP+10 Int+5}

   It affects your intelligence (+5).
   It affects your resistance to hostile enchantments.
   It affects your magic capacity (+10).
 W - a +2 pair of gloves of dexterity (worn)
Jewellery
 i - the ring "Rukheuza" {rN+ Str+5, unknown}

   [ring of positive energy]

   It affects your strength (+5).
   It protects you from negative energy.
 m - an uncursed ring of ice
 y - a +3 ring of protection (left hand)
 E - an uncursed ring of ice
 N - a +3 amulet of reflection (around neck)
 S - an uncursed ring of resist corrosion
 V - a ring of see invisible (right hand)
 Y - an uncursed ring of protection from fire
Wands
 g - a wand of iceblast (11/15)
 M - a wand of acid (8/15)
 O - a wand of digging (4/24)
 P - a wand of digging (16/24)
Scrolls
 a - 2 scrolls of random uselessness {unknown}
 c - 3 scrolls of blinking
 e - 6 scrolls of enchant weapon
 j - 5 scrolls of remove curse
 p - 4 scrolls of fear
 t - 4 scrolls of recharging
 u - a scroll of brand weapon
 x - 2 scrolls of magic mapping
 D - 9 scrolls of teleportation
 R - 3 scrolls of noise {unknown}
 U - a scroll of silence
 X - 2 scrolls of fog
 Z - 2 scrolls of immolation {unknown}
Potions
 d - 3 potions of might
 l - 3 potions of flight
 n - 6 potions of heal wounds
 r - 3 potions of cancellation
 s - 6 potions of curing
 v - a potion of experience {unknown}
 C - a potion of magic {unknown}
 F - 3 potions of resistance {unknown}
 J - a potion of berserk rage {unknown}
 L - a potion of agility
 Q - 3 potions of haste {unknown}
Comestibles
 f - 14 bread rations
 h - 6 beef jerkies
 B - 8 meat rations
 G - 22 fruits
 I - 2 slices of pizza

Dungeon Overview and Level Annotations

Branches:
Dungeon (11/15)            Temple (1/1) D:5            Lair (8/8) D:10
  Swamp (0/4) Lair:5        Snake (0/4) Lair:5        Slime (0/6) Lair:7
    Orc (2/2) D:10            Elf (0/3) Orc:2

Altars:
Ashenzari
Cheibriados
Dithmenos
Elyvilon
Fedhas
Gozag
Kikubaaqudgha
Makhleb
Nemelex Xobeh
Okawaru
Pakellas
Qazlal
Ru
Sif Muna
Trog
Vehumet
Xom
Yredelemnul
Zin
The Shining One

Shops:
D:8 }   D:11 =   Orc:2 =}:}

Annotations:
Lair:7 exclusion: 3 oklob plants


Message History

Read which item? (? for menu, Esc to quit)
As you read the scroll labeled JIAPHUO ASUETT, it crumbles to dust.
It is a scroll of amnesia.
Forget which spell ([?*] list [ESC] exit)?
Forget which spell ([?*] list [ESC] exit)?
Okay, then.
Unknown command.
Drop what? 51/52 slots (_ for help) (? for menu, Esc to quit)
You drop 2 scrolls of amnesia.
Read which item? (? for menu, Esc to quit)
As you read the scroll labeled NUS XAEDAB, it crumbles to dust.
This is a scroll of acquirement! [a] Weapon [b] Armour [c] Jewellery [d] Book [e] Staff [f] Wand [g] Miscellaneous [h] Food [i] Gold [j] Ammunition What kind of item would you like to acquire? (\ to view known items)
Something appears at your feet!
q - an ancient executioner's axe Wield which item (- for none, * to show all)? (? for menu, Esc to quit)
Your +0 battleaxe of flaming stops flaming.
q - the +0 executioner's axe of Insufficient Pleasure (weapon)
{chop, *Drain rF+ SInv} Drop what? 51/52 slots (_ for help) (? for menu, Esc to quit)
Really unwield
q - the +0 executioner's axe of Insufficient Pleasure {chop, *Drain rF+ SInv}?
Okay, then.
You see here 2 scrolls of amnesia.
Drop what? 51/52 slots (_ for help) (? for menu, Esc to quit)
Really unwield
q - the +0 executioner's axe of Insufficient Pleasure {chop, *Drain rF+ SInv}?
You feel drained.
You are now empty-handed.
You drop the +0 executioner's axe of Insufficient Pleasure {chop, *Drain rF+ SInv}.
Read which item? (? for menu, Esc to quit)
As you read the scroll of acquirement, it crumbles to dust.
This is a scroll of acquirement! [a] Weapon [b] Armour [c] Jewellery [d] Book [e] Staff [f] Wand [g] Miscellaneous [h] Food [i] Gold [j] Ammunition What kind of item would you like to acquire? (\ to view known items)
Something appears at your feet!
q - an iridescent battleaxe You drop an iridescent battleaxe.
Read which item? (? for menu, Esc to quit)
As you read the scroll of acquirement, it crumbles to dust.
This is a scroll of acquirement! [a] Weapon [b] Armour [c] Jewellery [d] Book [e] Staff [f] Wand [g] Miscellaneous [h] Food [i] Gold [j] Ammunition What kind of item would you like to acquire? (\ to view known items)
Something appears at your feet!
q - a transparent executioner's axe Wield which item (- for none, * to show all)? (? for menu, Esc to quit)
You feel clever.
You feel clumsy.
q - the +1 executioner's axe of the Messenger (weapon)
{chop, rN+ MR+ Int+2 Dex-2} Are you sure you want to abandon this character and quit the game? (Confirm with "yes".)

###### ###.............#
##.#..####..............##
#......##......).......## #
##.#....#.............#### ##
#####.###.............#.# .# ###
#..?........#.#....... #####.##
###..)....#.###........
...#...####^##..)..#### #........
........##......@...## ##........
.......####..........###.........
.#......# #...#........#........#
..#....#####.##........#......###
......#..#######..............#
..........# ##........[[..##
.........## #........[<....#
.........## #........[[[..##
..........## ##.............#


There were no monsters in sight!

Action                   |  1- 3 |  4- 6 |  7- 9 | 10-12 | 13-15 || total
-------------------------+-------+-------+-------+-------+-------++-------
Melee: War axe           |    31 |    75 |   271 |       |       ||   377
       Headbutt          |     2 |    14 |    74 |   166 |   207 ||   463
       Battleaxe         |       |       |    79 |   557 |   680 ||  1316
Invok: Slouch            |       |       |       |       |     4 ||     4
Evoke: Wand              |       |       |       |    18 |       ||    18
  Use: Scroll            |       |     1 |    10 |    10 |    10 ||    31
       Potion            |       |       |       |     2 |       ||     2
 Stab: Distracted        |       |       |     1 |       |       ||     1
  Eat: Chunk             |       |     2 |    13 |    10 |    16 ||    41
       Pizza             |       |       |       |     1 |       ||     1
       Royal jelly       |       |       |       |     1 |     1 ||     2
Armor: Scale mail        |    12 |    16 |    37 |       |       ||    65
       Plate armour      |       |       |   169 |    77 |       ||   246
       Crystal plate arm |       |       |       |   344 |   376 ||   720
Dodge: Dodged            |     6 |    19 |   105 |   266 |   504 ||   900
Block: Shield            |    13 |    39 |   136 |       |       ||   188
       Other             |       |       |    14 |    62 |    80 ||   156
       Reflection        |       |       |     3 |     1 |     1 ||     5

Notes
Turn   | Place    | Note
--------------------------------------------------------------
     0 | D:1      | Duffy the Minotaur Fighter began the quest for the Orb.
     0 | D:1      | Reached XP level 1. HP: 19/19 MP: 0/0
   208 | D:2      | Reached skill level 3 in Axes
   248 | D:2      | Reached XP level 2. HP: 22/26 MP: 1/1
   319 | D:3      | Noticed Natasha
   323 | D:3      | Killed Natasha
   323 | D:3      | Reached skill level 4 in Axes
   323 | D:3      | Reached XP level 3. HP: 31/31 MP: 2/2
   335 | D:3      | Found a bloodstained altar of Trog.
   335 | D:3      | Noticed Jessica
   344 | D:3      | Killed Jessica
   344 | D:3      | Reached skill level 5 in Axes
   388 | D:3      | Noticed Natasha
   397 | D:3      | Killed Natasha
   397 | D:3      | Reached XP level 4. HP: 21/39 MP: 3/3
   532 | D:3      | Noticed Robin
   541 | D:3      | Killed Robin
   722 | D:4      | Reached skill level 6 in Axes
   725 | D:4      | Found a glowing silver altar of Zin.
   725 | D:4      | Found a shimmering altar of Xom.
   726 | D:4      | Noticed an angel
   782 | D:4      | Reached XP level 5. HP: 41/45 MP: 4/4
   913 | D:4      | Found an oddly glowing altar of Pakellas.
   914 | D:4      | Noticed Edmund
  1144 | D:3      | Killed Edmund
  1144 | D:3      | Reached skill level 7 in Axes
  1259 | D:4      | Reached XP level 6. HP: 38/51 MP: 5/5
  1476 | D:4      | Reached skill level 8 in Axes
  1576 | D:4      | Noticed a slave
  1576 | D:4      | Noticed a slave
  1577 | D:4      | Noticed Pikel
  1579 | D:4      | Noticed a slave
  1580 | D:4      | Noticed a slave
  1599 | D:4      | Killed Pikel
  1599 | D:4      | Reached skill level 10 in Axes
  1599 | D:4      | Reached XP level 7. HP: 51/57 MP: 6/6
  1884 | D:4      | Reached skill level 11 in Axes
  1884 | D:4      | Reached XP level 8. HP: 60/64 MP: 7/7
  2003 | D:5      | Entered Level 5 of the Dungeon
  2157 | D:5      | Found a staircase to the Ecumenical Temple.
  2166 | Temple   | Entered the Ecumenical Temple
  2199 | Temple   | Became a worshipper of Cheibriados the Contemplative
  2335 | D:3      | Noticed Ijyb
  2338 | D:3      | Paralysed by Ijyb for 7 turns
  2346 | D:3      | Killed Ijyb
  2379 | D:2      | Found a radiant altar of Vehumet.
  2659 | D:1      | Reached * piety under Cheibriados
  3481 | D:2      | Reached skill level 1 in Dodging
  3563 | D:3      | Noticed Natasha
  3572 | D:3      | Killed Natasha
  3915 | D:3      | Reached ** piety under Cheibriados
  4176 | D:4      | Reached skill level 4 in Armour
  4310 | D:4      | Reached skill level 4 in Fighting
  4634 | D:5      | Noticed Crazy Yiuf
  4639 | D:5      | Killed Crazy Yiuf
  4710 | D:5      | Reached skill level 5 in Armour
  4711 | D:5      | Noticed Sigmund
  4718 | D:5      | Killed Sigmund
  4718 | D:5      | Reached skill level 12 in Axes
  4815 | D:5      | Noticed Menkaure
  5066 | D:5      | Killed Menkaure
  5113 | D:5      | Reached *** piety under Cheibriados
  5120 | D:5      | Reached skill level 6 in Armour
  5147 | D:5      | Reached skill level 5 in Fighting
  5292 | D:5      | Reached XP level 9. HP: 74/74 MP: 8/8
  5308 | D:5      | Found a sparkling altar of Nemelex Xobeh.
  5458 | D:6      | Found a shadowy altar of Dithmenos.
  5896 | D:6      | Reached **** piety under Cheibriados
  5971 | D:6      | Reached skill level 7 in Armour
  6020 | D:6      | Found an opulent altar of Gozag.
  6371 | D:7      | Reached skill level 13 in Axes
  6555 | D:7      | Reached skill level 6 in Fighting
  6555 | D:7      | Reached skill level 8 in Armour
  6684 | D:7      | Reached skill level 1 in Invocations
  7166 | D:7      | Reached ***** piety under Cheibriados
  7952 | D:8      | Found Ugro's Gadget Emporium.
  8246 | D:8      | Reached skill level 2 in Invocations
  8246 | D:8      | Reached XP level 10. HP: 84/84 MP: 10/10
  8431 | D:8      | Reached skill level 7 in Fighting
  8602 | D:8      | Reached skill level 14 in Axes
  8922 | D:9      | Found a sacrificial altar of Ru.
  8936 | D:9      | Reached skill level 3 in Invocations
  8937 | D:9      | Found an iron altar of Okawaru.
  8963 | D:9      | Found a flagged portal.
  8973 | Bailey   | Entered a bailey
  8973 | Bailey   | Noticed an orc knight
  8986 | Bailey   | an orc knight changed into a jumping spider
  9456 | Bailey   | Got a pair of heavily runed gloves
  9467 | Bailey   | Identified the cursed +0 pair of gloves of a Thousand Deaths {*Confuse rN+ Dex+2} (You found it in a bailey)
  9762 | Bailey   | Noticed an orc knight
  9773 | Bailey   | Killed an orc knight
 10073 | D:9      | Found an ancient bone altar of Kikubaaqudgha.
 10155 | D:9      | Reached ****** piety under Cheibriados
 10160 | D:9      | Reached skill level 4 in Invocations
 10163 | D:9      | Reached skill level 8 in Fighting
 10326 | D:9      | Noticed Erolcha
 10328 | D:9      | Killed Erolcha
 10328 | D:9      | Reached skill level 15 in Axes
 10612 | D:9      | Found a stormy altar of Qazlal.
 10670 | D:9      | Paralysed by a wasp for 2 turns
 11027 | D:10     | Entered Level 10 of the Dungeon
 11220 | D:10     | Reached XP level 11. HP: 95/95 MP: 13/13
 11227 | D:10     | Noticed a hill giant
 11230 | D:10     | Killed a hill giant
 11230 | D:10     | Reached skill level 5 in Invocations
 11538 | D:10     | Found a staircase to the Orcish Mines.
 11812 | D:10     | Noticed a hill giant
 11818 | D:10     | Killed a hill giant
 11991 | D:10     | Found a staircase to the Lair.
 12157 | D:10     | Reached skill level 16 in Axes
 12376 | Lair:1   | Entered Level 1 of the Lair of Beasts
 12383 | Lair:1   | Reached skill level 9 in Armour
 12499 | Lair:1   | Reached skill level 6 in Invocations
 12974 | Lair:1   | Noticed a queen ant
 12980 | Lair:1   | Killed a queen ant
 14161 | Lair:2   | Reached skill level 7 in Invocations
 14173 | Lair:2   | Reached skill level 10 in Armour
 14178 | Lair:2   | Reached skill level 17 in Axes
 14196 | Lair:2   | Reached XP level 12. HP: 103/103 MP: 16/16
 14208 | Lair:2   | Found a dark tunnel.
 14214 | Volcano  | Entered a volcano
 14598 | Lair:2   | Reached skill level 2 in Dodging
 14598 | Lair:2   | Reached skill level 8 in Invocations
 14808 | Lair:2   | Reached skill level 3 in Dodging
 14989 | Lair:2   | Reached skill level 9 in Invocations
 15105 | Lair:2   | Reached skill level 4 in Dodging
 15449 | Lair:2   | Reached skill level 9 in Fighting
 15595 | Lair:3   | Noticed a seven-headed hydra
 15602 | Lair:3   | Killed a five-headed hydra
 15624 | Lair:3   | Reached skill level 5 in Dodging
 15715 | Lair:3   | Found a white marble altar of Elyvilon.
 16138 | Lair:3   | Got a faintly humming chain mail
 16149 | Lair:3   | Identified the +0 chain mail of Vanity {rPois Int+2} (You found it on level 3 of the Lair of Beasts)
 16349 | Lair:3   | Noticed a seven-headed hydra
 16353 | Lair:3   | Killed a four-headed hydra
 16353 | Lair:3   | Reached skill level 11 in Armour
 16353 | Lair:3   | Reached XP level 13. HP: 97/111 MP: 18/18
 16438 | Lair:4   | Reached skill level 18 in Axes
 16743 | Lair:4   | Reached skill level 6 in Dodging
 17248 | Lair:5   | Reached skill level 10 in Fighting
 17251 | Lair:5   | Noticed Maud
 17262 | Lair:5   | Killed Maud
 17502 | Lair:5   | Found a staircase to the Snake Pit.
 17693 | Lair:5   | Found a staircase to the Swamp.
 17697 | Lair:5   | Reached skill level 7 in Dodging
 18340 | Lair:6   | Reached skill level 12 in Armour
 18569 | Lair:6   | Reached skill level 11 in Fighting
 18882 | Lair:6   | Reached skill level 8 in Dodging
 19303 | Lair:6   | Reached XP level 14. HP: 100/124 MP: 19/19
 19391 | Lair:6   | Learned a level 3 spell: Regeneration
 19395 | Lair:6   | Learned a level 3 spell: Spectral Weapon
 19991 | Lair:7   | Reached skill level 19 in Axes
 20317 | Lair:7   | Found a staircase to the Slime Pits.
 20507 | Lair:7   | Reached skill level 9 in Dodging
 20587 | Lair:7   | Reached skill level 13 in Armour
 20916 | Lair:7   | Reached skill level 12 in Fighting
 21082 | Lair:8   | Entered Level 8 of the Lair of Beasts
 22634 | Lair:8   | Reached skill level 10 in Dodging
 23363 | D:11     | Found Wakusi's Jewellery Boutique.
 23370 | D:11     | Noticed Harold
 23375 | D:11     | Killed Harold
 23539 | D:11     | Got a smoking platinum ring
 23636 | D:11     | Noticed Maurice
 23641 | D:11     | Killed Maurice
 23771 | Orc:1    | Entered Level 1 of the Orcish Mines
 23771 | Orc:1    | Noticed Snorg
 23780 | Orc:1    | Killed Snorg
 23780 | Orc:1    | Reached XP level 15. HP: 131/134 MP: 20/20
 23794 | Orc:2    | Entered Level 2 of the Orcish Mines
 24359 | Orc:1    | Reached skill level 14 in Armour
 24443 | Orc:2    | Reached skill level 13 in Fighting
 24515 | Orc:1    | Gained mutation: Your magical capacity is low (-10% MP). [a neqoxec]
 24855 | Orc:2    | Found a staircase to the Elven Halls.
 25156 | Orc:2    | Found Miuret's Gadget Shop.
 25156 | Orc:2    | Found Tabigh's Jewellery Shop.
 25156 | Orc:2    | Found Ureu's Book Boutique.
 25159 | Orc:2    | Found Biadugy's Gadget Boutique.
 25566 | Orc:2    | Got an ancient executioner's axe
 25567 | Orc:2    | Identified the +0 executioner's axe of Insufficient Pleasure {chop, *Drain rF+ SInv} (You acquired it on level 2 of the Orcish Mines)
 25574 | Orc:2    | Got an iridescent battleaxe
 25578 | Orc:2    | Got a transparent executioner's axe
 25579 | Orc:2    | Identified the +1 executioner's axe of the Messenger {chop, rN+ MR+ Int+2 Dex-2} (You acquired it on level 2 of the Orcish Mines)
 25580 | Orc:2    | Quit the game

Skill      XL: |  1  2  3  4  5  6  7  8  9 10 11 12 13 14 15 |
---------------+----------------------------------------------+-----
Axes           | 3 4 5 6 7 10 11 12 13 15 17 18 19 | 19.9
Dodging        | 1 5 8 10 | 10.8
Armour         | 6 8 10 11 12 13 14 | 14.1
Fighting       | 5 6 8 9 11 12 13 | 13.1
Invocations    | 2 4 7 9 |  9.0
Shields        | |  3.6

Vault maps used:
D:1:      mushboom_english_gardens, grunt_decor_resistance, serial_bayou_pond_c,
          minivault_23, minmay_statues_item
D:2:      old_standard_altar
D:3:      old_standard_altar, first_bread, uniq_natasha, uniq_robin, uniq_iyjb,
          uniq_jessica
D:4:      grunt_temple_overflow_order_and_chaos_1,
          nicolae_overflow_hidden_temple, uniq_pikel, uniq_edmund
D:5:      kennysheep_mini_moat, minmay_temple_entry_mist, uniq_menkaure,
          uniq_crazy_yiuf_cottage, uniq_sigmund
D:6:      nicolae_gozag_cash_rules_everything_around_me,
          nicolae_dithmenos_shadow_blocks
D:8:      serial_shops, nicolae_shop_window_shopping
D:9:      lemuel_crystal_altar, grunt_temple_overflow_open, enter_bailey_8,
          uniq_erolcha
D:10:     kennysheep_ambush_hall, erik_lair_island, hiddenorc2_lemuel
D:11:     serial_shops, shop, uniq_maurice, uniq_harold
Temple:   cyrus_temple_forest_13
Lair:1:   zaba_antful_of_joy, grunt_megastairs_1
Lair:2:   enter_volcano_3, worms_lemuel, grunt_megastairs_2
Lair:3:   basic_altar, st_stairs_5, pond, grunt_megastairs_3
Lair:4:   infiniplex_staircase_pool
Lair:5:   nicolae_swamp_entry_splash_gauntlet, guppyfry_snake_entry_garden,
          serial_bayou_shore_a, lemuel_fruit_fields, uniq_maud
Lair:6:   eino_house_with_fridge
Lair:7:   pond_and_an_island_with_a_cottage, slime_dummy, st_stairs_4,
          dpeg_oklob_1, lemuel_fruit_fields, infiniplex_staircase_pool_2,
          serial_bayou_shore_b, serial_bayou_shore_b
Lair:8:   due_jungle_book
Orc:1:    uniq_snorg
Orc:2:    st_orc_mages
Bailey:   bailey_polearm_4, bailey
Volcano:  volcano_tomb

Vanquished Creatures
  Maud
  6 dire elephants Snorg
  4 hydras Harold Erolcha
  An anaconda
  A queen ant
  10 death yaks
  2 orc high priests
  An unseen horror
  2 hill giants Pikel
  A lindwurm
  3 orc knights
  2 necromancers
  5 orc sorcerers
  An oklob plant Maurice
  11 elephants
  18 spiny frogs
  5 black mambas
  9 komodo dragons
  3 rime drakes
  A guardian mummy
  A jumping spider
  A polar bear
  6 trolls
  2 two-headed ogres
  24 blink frogs
  A flying skull
  2 vampires Sigmund
  3 basilisks
  2 fire elementals
  7 fire bats
  47 yaks
  2 hill giant skeletons Edmund
  12 hippogriffs
  2 vampire mosquitoes Menkaure
  7 wargs
  2 nagas
  11 swamp worms
  2 insubstantial wisps
  20 water moccasins
  7 soldier ants
  2 merfolk skeletons
  2 hell hounds
  24 orc warriors
  12 porcupines
  3 black bears
  A slave
  2 swamp drakes
  5 ice beasts
  An elephant zombie
  6 ogres
  2 wasps
  20 wolves
  7 centaurs
  A manticore skeleton
  18 crocodiles
  14 giant frogs
  3 big kobolds
  A wyvern zombie
  A wyvern skeleton
  7 scorpions
  4 killer bees
  15 wights
  4 electric eels
  4 howler monkeys
  2 crimson imps
  2 giant frog zombies
  2 lava snakes
  A centaur zombie
  2 basilisk zombies
  2 jellies Crazy Yiuf
  28 orc priests
  4 centaur skeletons
  7 hounds
  46 orc wizards
  A giant frog skeleton Jessica
  15 iguanas
  A two-headed ogre skeleton Ijyb Natasha (thrice)
  A polar bear simulacrum
  29 worker ants
  4 yak simulacra
  4 wolf simulacra
  12 sheep
  An ogre skeleton
  2 naga skeletons
  A hound skeleton
  3 mummies Robin
  A worker ant zombie
  A howler monkey skeleton
  8 gnolls
  28 river rats
  20 adders
  2 shadow imps
  An adder zombie
  3 adder skeletons
  17 worms
  2 dart slugs
  6 giant geckos
  117 orcs
  7 giant cockroaches
  10 goblins
  9 hobgoblins
  9 jackals
  11 kobolds
  7 quokkas
  A ball python
  A ball python skeleton
  10 bats
  8 giant newts
  4 rats
  2 river rat simulacra
  A fire vortex
  19 fungi
  29 plants
926 creatures vanquished.
